 Dungeon Crawl Stone Soup version 0.31-a0-596-g831eee08f1 (webtiles) character file.

Game seed: 7341602388699548136

125 mopl the Stinger (level 5, -4/35 HPs)
             Began as a Formicid Venom Mage on Aug 20, 2023.
             Slain by a kobold brigand
             ... wielding a +0 dagger of speed
              (5 damage)
             ... on level 3 of the Dungeon.
             The game lasted 00:03:06 (2258 turns).

mopl the Stinger (Formicid Venom Mage)              Turns: 2258, Time: 00:03:07

Health: -4/35      AC:  2    Str: 13    XL:     5   Next: 30%
Magic:  0/9        EV: 12    Int: 16    God:
Gold:   161        SH:  0    Dex: 14    Spells: 5/10 levels left

rFire   . . .        l - +2 short sword (venom)
rCold   . . .        (no shield)
rNeg    . . .        a - +0 robe
rPois   .            (helmet unavailable)
rElec   .            (no cloak)
rCorr   .            (no gloves)
SInv    +            (no boots)
Will    .....        j - amulet of guardian spirit
Stlth   ++           x - ring of wizardry
HPRegen 0.25/turn    (no ring)
MPRegen 0.11/turn

%: guardian spirit, wizardry (x1)
@: no status effects
A: permanent stasis, dig shafts and tunnels, antennae 3, four strong arms
a: Dig, Shaft Self


You were on level 3 of the Dungeon.
You visited 1 branch of the dungeon, and saw 3 of its levels.

You collected 161 gold pieces.

Inventory:

Hand Weapons
 c - a +0 quarterstaff
 l - a +2 short sword of venom (weapon)
Missiles
 n - 6 boomerangs
Armour
 a - a +0 robe (worn)
 p - a +0 plate armour
Jewellery
 j - an amulet of guardian spirit (around neck)
 x - a ring of wizardry (left hand)
Wands
 u - a wand of charming (14)
Scrolls
 e - 3 scrolls of identify {unknown}
 h - a scroll of acquirement {unknown}
 i - a scroll of teleportation {unknown}
 k - a scroll of silence {unknown}
 m - a scroll of brand weapon {unknown}
 o - a scroll of noise {unknown}
 q - a scroll of torment {unknown}
 r - a scroll of vulnerability {unknown}
 s - a scroll of enchant armour {unknown}
 y - a scroll of blinking {unknown}
Potions
 b - a potion of magic
 d - a potion of might {unknown}
 f - 2 potions of curing {unknown}
 g - 2 potions of brilliance {unknown}
 t - a potion of attraction {unknown}
 v - 2 potions of haste {unknown}
 w - a potion of lignification {unknown}


   Skills:
 - Level 1.7 Dodging
 - Level 2.4 Stealth
 - Level 3.0 Spellcasting
 - Level 1.1 Transmutations
 + Level 6.9 Poison Magic


You had 5 spell levels left.
You knew the following spells:

 Your Spells              Type           Power      Damage    Failure   Level
a - Sting                 Tmut/Pois      60%        1d6       1%          1
o - Olgreb's Toxic Radia  Pois           24%        N/A       4%          4

Your spell library contained the following spells:

 Spells                   Type           Power      Damage    Failure   Level
 Poisonous Vapours        Pois/Air       26%        N/A       2%          2
 Wereblood                Tmut           5%         N/A       8%          2
 Mephitic Cloud           Conj/Pois/Air  9%         N/A       9%          3
 Gell's Gravitas          Tloc           2%         N/A       22%         3
 Teleport Other           Tloc           2%         N/A       22%         3
 Irradiate                Conj/Tmut      2%         3d12      82%         5
 Dispersal                Tloc           1%         N/A       100%        6


Dungeon Overview and Level Annotations

Branches:
Dungeon (3/15)

Altars:
Qazlal

Shops:
D:2 [


Innate Abilities, Weirdness & Mutations

You cannot be hasted, slowed, berserked, paralysed or teleported.
You can dig through walls and to a lower floor.
You have a pair of large antennae on your head. (SInv)
Your four strong arms can wield two-handed weapons with a shield.


Message History

The kobold brigand is moderately wounded.
The kobold brigand hits you with a +0 dagger of speed!
The kobold brigand misses you.
Unknown command.
You miss the kobold brigand.
The kobold brigand is moderately wounded.
You barely miss the kobold brigand.
The kobold brigand is moderately wounded.
The kobold brigand throws a poisoned dart.
The poisoned dart barely misses you.
The kobold brigand completely misses you.
Unknown command.
Casting: Olgreb's Toxic Radiance (quite dangerous; 4% risk of failure)
Confirm with . or Enter, or press ? or * to list all spells.
You begin to radiate toxic energy.
The kobold brigand is poisoned.
The kobold brigand looks even sicker. x2
The kobold brigand hits you with a +0 dagger of speed. x2
Unknown command.
Unknown command.
Your toxic aura wanes.
The kobold brigand misses you.
The kobold brigand barely misses you. x2
Unknown command.
You hit the kobold brigand.
The kobold brigand looks as sick as possible!
The kobold brigand is heavily wounded.
The kobold brigand hits you with a +0 dagger of speed!
The kobold brigand barely misses you. The kobold brigand misses you.
Unknown command.
You hit the kobold brigand.
The kobold brigand looks as sick as possible!
The kobold brigand is heavily wounded.
The kobold brigand hits you with a +2 dagger of speed.
The kobold brigand closely misses you.
Unknown command.
You hit the kobold brigand but do no damage.
The kobold brigand is severely wounded.
The kobold brigand hits you with a +2 dagger of speed!
* * * LOW HITPOINT WARNING * * *
The kobold brigand hits you with a +0 dagger of speed.
You die...

..........# #####.........
........### #......... .########
#......... .# ##.##..... .#
####### #........ .####.....###
###...... ..).........###### # .
#...... .....#####....)K.###.)..
#...... ######≈≈≈###...)@K....#
#...).. ...~~~~≈≈~~######...###
#####.. ...#~~~~~~~~~# #### ##.
......~~~.################ #####.
...##.###<####...........# #.....
...##.......##...........###.....
...######.#.##...................
...######.#.##...........###.....
......#.........###........#.....


You could see 2 kobold brigands.

Vanquished Creatures
  Robin (D:3)
  An adder (D:2)
  4 worms (D:2)
  4 dart slugs
  4 ball pythons
  7 bats
  3 endoplasms
  3 giant cockroaches
  13 goblins
  12 hobgoblins
  4 jackals
  13 kobolds
  A quokka (D:2)
  3 frilled lizards
  4 rats
77 creatures vanquished.

Notes
Turn   | Place    | Note
-------+----------+-------------------------------------------
     0 | D:1      | mopl the Formicid Venom Mage began the quest for the Orb.
     0 | D:1      | Reached XP level 1. HP: 13/13 MP: 3/3
    13 | D:1      | Found a faded altar of an unknown god.
   101 | D:1      | Reached XP level 2. HP: 19/19 MP: 3/5
   206 | D:1      | Reached XP level 3. HP: 11/24 MP: 2/7
   466 | D:1      | Reached skill level 3 in Spellcasting
   672 | D:2      | Reached skill level 5 in Poison Magic
   864 | D:2      | Reached XP level 4. HP: 29/30 MP: 8/8
   904 | D:2      | Found Urroesy's Antique Armour Boutique.
  1205 | D:2      | Reached skill level 6 in Poison Magic
  1211 | D:2      | Learned a level 4 spell: Olgreb's Toxic Radiance
  1706 | D:3      | Found a stormy altar of Qazlal.
  2171 | D:3      | Noticed Robin
  2174 | D:3      | Reached XP level 5. HP: 35/35 MP: 4/9
  2180 | D:3      | Killed Robin
  2247 | D:3      | Noticed a kobold brigand
  2249 | D:3      | Noticed a kobold brigand
  2258 | D:3      | HP: 1/35 [kobold brigand/+2 dagger of speed (11)]
  2258 | D:3      | Slain by a kobold brigand

Illustrated notes

Levels and vault maps discovered:
D:1:      enne_arrival_octagon_isle, layout_basic, basic_ecumenical_altar
D:2:      layout_basic, serial_shops, nicolae_shop_window_shopping
D:3:      cheibrodos_thug_alley, layout_basic, nicolae_qazlal_scattered_showers,
          minmay_misc_feat_square, nicolae_figureground_pulse, uniq_robin

Skill      XL: |  1  2  3  4 |
---------------+-------------+-----
Spellcasting   | 3 |  3.0
Poison Magic   | 5 6 |  6.9
Dodging        | |  1.7
Stealth        | |  2.4
Transmutations | |  1.1

Action                     |  1- 3 |  4- 6 || total
---------------------------+-------+-------++-------
  Melee: Quarterstaff      |    40 |       ||    40
         Short sword       |    10 |    94 ||   104
         Punch             |     1 |     1 ||     2
   Cast: Sting             |    28 |     1 ||    29
         Olgreb's Toxic Ra |       |     3 ||     3
   Stab: Sleeping          |     2 |     2 ||     4
 Armour: Robe              |    13 |     6 ||    19
  Dodge: Dodged            |    42 |    43 ||    85

Table legend: (Time is in decaauts)
 A = Elapsed time spent in this place.
 B = Non-inter-level travel time spent in this place.
 C = Inter-level travel time spent in this place.
 D = Time resting spent in this place.
 E = Time spent auto-exploring this place.
 F = Levels seen in this place.
 G = Mean time per level.
                   A        B        C        D        E       F      G
               +--------+--------+--------+--------+--------+-----+--------+
         Total |   2269 |   2185 |     84 |     42 |   1638 |   3 |  756.3 |
       Dungeon |   2269 |   2185 |     84 |     42 |   1638 |   3 |  756.3 |
               +--------+--------+--------+--------+--------+-----+--------+

Top non-repeatable levels by time:
     D:2: 930 daAuts
     D:1: 673 daAuts
     D:3: 665 daAuts
